 Dungeon Crawl Stone Soup version 0.30-a0-629-gd54f4be4f7 (webtiles) character file.

Game seed: 2726566596586115784

261 Dittersdorf the Shield-Bearer (level 6, 0/39 HPs)
             Began as a Gargoyle Fighter on Jan 12, 2023.
             Slain by an iguana (6 damage)
             ... on level 4 of the Dungeon.
             The game lasted 00:04:29 (2388 turns).

Dittersdorf the Shield-Bearer (Gargoyle Fighter)    Turns: 2388, Time: 00:04:30

Health: 0/39       AC: 12    Str: 22    XL:     6   Next: 18%
Magic:  6/6        EV:  9    Int:  8    God:
Gold:   172        SH:  4    Dex:  9    Spells: 5/5 levels left

rFire   . . .      SeeInvis .    a - +0 flail
rCold   . . .      Faith    .    c - +0 buckler
rNeg    + . .      Spirit   .    b - +0 scale mail
rPois   ∞          Reflect  .    q - +0 helmet
rElec   +          Harm     .    (no cloak)
rCorr   .          Rampage  .    (no gloves)
Will    +....                    (no boots) Stlth
                                 n - amulet of magic regeneration
HPRegen 0.26/turn                o - ring of willpower
MPRegen 0.50/turn                (no ring)

@: no status effects
A: sickness immunity, AC +4, negative energy resistance 1, electricity
resistance, torment resistance 1, petrification resistance
a: no special abilities


You were on level 4 of the Dungeon.
You visited 1 branch of the dungeon, and saw 4 of its levels.

You collected 172 gold pieces.

Inventory:

Hand Weapons
 a - a +0 flail (weapon)
Missiles
 r - 5 poisoned darts (quivered)
Armour
 b - a +0 scale mail (worn)
 c - a +0 buckler (worn)
 q - a +0 helmet (worn)
Jewellery
 e - a ring of ice
 n - an amulet of magic regeneration (around neck)
 o - a ring of willpower (left hand)
Scrolls
 f - a scroll of silence {unknown}
 g - a scroll of identify
 h - a scroll of fog {unknown}
 k - a scroll of amnesia {unknown}
 m - 2 scrolls of magic mapping {unknown}
 p - 2 scrolls of poison {unknown}
Potions
 d - a potion of might
 i - a potion of resistance {unknown}
 j - a potion of cancellation
 l - 4 potions of curing
 s - a potion of brilliance


   Skills:
 + Level 4.5 Fighting
 + Level 3.5 Maces & Flails
 + Level 4.6 Armour
 + Level 4.7 Shields


You had 5 spell levels left.
You didn't know any spells.
Your spell library contained the following spells:

 Spells                   Type           Power      Damage    Failure   Level
 Ensorcelled Hibernation  Hex/Ice        0%         N/A       91%         2
 Dazzling Flash           Conj/Hex       0%         N/A       99%         3
 Spider Form              Tmut/Pois      0%         N/A       99%         3
 Anguish                  Hex/Necr       0%         N/A       100%        4
 Agony                    Necr           0%         N/A       100%        5
 Silence                  Hex/Air        0%         N/A       100%        5


Dungeon Overview and Level Annotations

Branches:
Dungeon (4/15)
 Temple: D:4-7

Altars:

Annotations:
D:4 3 runed translucent doors, Dordric's ghost, amateur DjWr


Innate Abilities, Weirdness & Mutations

You are immune to sickness and miasma.
Your stone body is resilient. (AC +4)
You are immune to poison.
You resist negative energy. (rN+)
You are resistant to electric shocks. (rElec)
You are resistant to unholy torment.
You are immune to petrification.


Message History

A hound comes into view.
The iguana bites you!
* * * LOW HITPOINT WARNING * * *
The iguana attacks as you move away! The iguana bites you.
* * * LOW HITPOINT WARNING * * *
The iguana attacks as you move away! The iguana misses you.
The iguana attacks as you move away! The iguana closely misses you.
The iguana attacks as you move away!
The iguana bites you but does no damage.
Found a runed translucent gate.
Found a smoky pink potion.
Found a stone staircase leading down.
Found 16 gold pieces and a scroll labelled EZONEM NANUI.
The iguana attacks as you move away! You block the iguana's attack.
Dordric's ghost turns its malevolent gaze towards you.
The iguana attacks as you move away!
The iguana bites you but does no damage.
The iguana attacks as you move away! The iguana bites you.
* * * LOW HITPOINT WARNING * * *
The iguana attacks as you move away! The iguana bites you.
* * * LOW HITPOINT WARNING * * *
The iguana attacks as you move away! The iguana closely misses you.
The iguana attacks as you move away! The iguana closely misses you.
The iguana attacks as you move away!
The iguana bites you but does no damage.
Things that are here:
a +0 dagger; a +0 ring mail The iguana attacks as you move away!
You block the iguana's attack.
Things that are here:
a +0 dagger; a +0 robe; a +0 flail The iguana attacks as you move away!
The iguana completely misses you.
There is a stone staircase leading up here.
You see here 3 potions of degeneration.
Throw: 6 darts (poison)
Press: ? - help, Q - select action Shift-Dir - straight line, f - iguana
Aim: an iguana (moderately wounded, 60% to hit)
You throw a poisoned dart. The poisoned dart hits the iguana.
The iguana is poisoned.
The iguana is moderately wounded.
The iguana bites you.
You die...

########.#.#.#.#.###....###
........[.........>........
...#####.#.#.#.###.#....###
...# #.#.#...)...........
...# #.#.###.#)))..#..##
...# #.#.# #.#.#.#.# # ...#
#.#.# #.#.#.#.# #### #.#.#
#.#l#.#.# #.#.# #.#@#.#.#
#.#.# #.###.#.# #!#.# #.#
#.#.# ## #.#.# ....# .#
#.#.# ### .# #.#.### .###
#.#.#Z#.#. ...###
#...#W....#
##...###...+Z..$##


You could see an iguana (poisoned).

Vanquished Creatures
  A jelly (D:4)
  An orc priest (D:4)
  Jessica (D:2)
  2 orc wizards
  Robin (D:2)
  2 adders
  A dart slug (D:1)
  7 orcs
  4 ball pythons
  5 endoplasms
  2 giant cockroaches
  20 goblins
  6 hobgoblins
  4 jackals
  A quokka (D:1)
  5 bats
  11 frilled lizards
  6 kobolds
  8 rats
88 creatures vanquished.

Notes
Turn   | Place    | Note
-------+----------+-------------------------------------------
     0 | D:1      | Dittersdorf the Gargoyle Fighter began the quest for the
                  | Orb.
     0 | D:1      | Reached XP level 1. HP: 14/14 MP: 1/1
    75 | D:1      | Reached XP level 2. HP: 16/19 MP: 2/2
   329 | D:1      | Reached XP level 3. HP: 20/23 MP: 3/3
   709 | D:2      | Noticed Jessica
   717 | D:2      | Killed Jessica
   718 | D:2      | Reached XP level 4. HP: 25/29 MP: 4/4
   918 | D:2      | Noticed Robin
  1026 | D:2      | Killed Robin
  1301 | D:3      | Found a faded altar of an unknown god.
  1323 | D:3      | Reached XP level 5. HP: 24/33 MP: 5/5
  2022 | D:4      | Reached XP level 6. HP: 24/39 MP: 6/6
  2180 | D:4      | HP: 1/39 [acid (5)]
  2359 | D:4      | Found a runed translucent gate.
  2359 | D:4      | Found a runed translucent gate.
  2360 | D:4      | Found a runed translucent gate.
  2364 | D:4      | Noticed Dordric's ghost (amateur DjWr)
  2368 | D:4      | HP: 1/39 [iguana (6)]
  2388 | D:4      | Slain by an iguana

Illustrated notes

Levels and vault maps discovered:
D:1:      scummos_arrival_simple_fountains, layout_loops_ring,
          dreamdust_princess_corridor, hangedman_decor_points,
          minmay_lizard_pond
D:2:      layout_rooms, uniq_jessica, uniq_robin
D:3:      layout_basic, shapermc_ecumenical_altar_gd, minmay_misc_feat_doors,
          minmay_ruptured
D:4:      layout_basic, minmay_temple_entry_waves, gammafunk_ghost_necromancy,
          kennysheep_generic_room_13

Skill      XL: |  1  2  3  4 |
---------------+-------------+-----
Armour         | 4 |  4.6
Shields        | 4 |  4.7
Fighting       | 4 |  4.5
Maces & Flails | 3 |  3.5

Action                   |  1- 3 |  4- 6 || total
-------------------------+-------+-------++-------
Melee: Flail             |    91 |   183 ||   274
Throw: Dart              |       |     1 ||     1
  Use: Scroll            |       |     4 ||     4
Armor: Scale mail        |    63 |   162 ||   225
Dodge: Dodged            |    68 |   112 ||   180
Block: Buckler           |    26 |    54 ||    80

Table legend: (Time is in decaauts)
 A = Elapsed time spent in this place.
 B = Non-inter-level travel time spent in this place.
 C = Inter-level travel time spent in this place.
 D = Time resting spent in this place.
 E = Time spent auto-exploring this place.
 F = Levels seen in this place.
 G = Mean time per level.
                   A        B        C        D        E       F      G
               +--------+--------+--------+--------+--------+-----+--------+
         Total |   2477 |   2424 |     53 |    321 |   1395 |   4 |  619.2 |
       Dungeon |   2477 |   2424 |     53 |    321 |   1395 |   4 |  619.2 |
               +--------+--------+--------+--------+--------+-----+--------+

Top non-repeatable levels by time:
     D:1: 809 daAuts
     D:3: 622 daAuts
     D:2: 619 daAuts
     D:4: 425 daAuts
